Map: Dead of Night

Players

NamroodTuo

  • Race: Zerg Zerg
  • Spawn Location: 0:00

Matvei

  • Race: Protoss Protoss
  • Spawn Location: 0:00

VOD

Have the link to the VOD?

Description

Time

  • Played on: Dec. 28, 2022, 8:23 a.m.
  • Length: 43:27
Show
View Real Time Build Order
Export as new Build Order

NamroodTuo Zerg 

Build Orders:  

Get SALT Encoding   

  12  0:03  Drone  
  13  0:12  Drone  
  14  0:33  Overlord  
  14  0:36  Overlord  
  14  0:56  Extractor  
  14  0:57  Extractor, Drone  
  14  0:58  Drone  
  14  1:10  Drone  
  14  1:19  Drone  
  16  1:39  Extractor  
  15  1:43  Drone  
  16  2:06  Spawning Pool  
  15  2:27  Drone x3  
  18  2:39  Zergling x2  
  19  2:52  Metabolic Boost  
  19  2:56  Zergling x2  
  20  3:07  Zergling x2  
  21  3:17  Zergling x2  
  22  3:33  Zergling x2  
  23  3:47  Drone  
  24  3:57  Lair  
  24  4:59  Drone x4  
  28  5:02  Evolution Chamber  
  27  5:37  Drone x3  
  30  5:46  Zerg Ground Armor Level 1  
  30  5:57  Overlord  
  29  6:55  Overlord x4  
  29  8:21  Zergling x2  
  29  8:22  Zergling x10  
  29  8:26  Zerg Melee Weapons Level 1  
  32  9:21  Zergling x2  
  32  9:22  Zergling x4  
  34  9:33  Hatchery  
  27  10:40  Zergling x2  
  27  10:41  Zergling x12  
  34  11:02  Lair  
  34  11:06  Zerg Missile Weapons Level 1  
  34  11:07  Hive  
  34  11:50  Drone x3  
  34  11:51  Drone  
  34  11:53  Drone x3  
  34  11:54  Drone x2  
  43  12:07  Hive  
  43  12:27  Hydralisk Den  
  42  13:46  Heroic Fortitude  
  40  14:42  Zergling x2  
  40  14:43  Zergling x22  
  40  14:46  Zerg Ground Armor Level 2  
  46  15:38  Hydralisk  
  46  15:39  Hydralisk x5  
  57  15:45  Muscular Augments  
  57  15:51  Adrenal Overload  
  57  15:53  Ventral Sacs  
  57  16:07  Hydralisk  
  57  16:08  Hydralisk x3  
  65  16:31  Hydralisk  
  65  16:32  Hydralisk x3  
  71  16:59  Overlord x2  
  71  17:00  Overlord x2  
  66  17:23  Overlord  
  66  17:24  Overlord  
  60  17:53  Unknown  
  60  17:56  Zerg Melee Weapons Level 2  
  60  18:07  Hydralisk x5  
  60  18:08  Hydralisk  
  72  18:26  Zergling x4  
  74  18:44  Overlord x3  
  74  18:52  Hydralisk  
  64  19:52  Hydralisk  
  64  19:53  Hydralisk x7  
  80  20:16  Spine Crawler  
  75  20:55  Drone  
  75  20:56  Drone x7  
  83  21:06  Zerg Missile Weapons Level 2  
  83  21:20  Hydralisk x2  
  83  21:21  Hydralisk x2  
  91  21:52  Overlord  
  91  21:53  Overlord x3  
  91  22:08  Spine Crawler  
  90  22:10  Drone  
  90  22:15  Drone x2  
  93  22:43  Hydralisk  
  93  22:44  Hydralisk x2  
  99  22:55  Hydralisk  
  99  22:56  Hydralisk  
  101  23:49  Overlord x2  
  144  23:50  Overlord x6  
  101  24:14  Queen  
  101  24:16  Zerg Ground Armor Level 3  
  103  24:26  Spine Crawler  
  102  24:31  Hydralisk  
  102  24:32  Hydralisk x5  
  114  25:04  Queen  
  116  25:23  Hydralisk  
  116  25:24  Hydralisk x5  
  126  25:50  Hydralisk  
  126  25:51  Hydralisk x3  
  126  25:54  Queen  
  134  26:46  Hydralisk  
  134  26:47  Hydralisk x7  
  150  27:35  Hydralisk  
  150  27:36  Hydralisk x5  
  162  27:56  Zerg Melee Weapons Level 3  
  162  29:30  Spine Crawler  
  162  29:32  Spine Crawler  
  162  29:35  Spine Crawler  
  162  29:38  Spine Crawler  
  158  29:42  Drone, Spore Crawler  
  158  29:43  Drone x4  
  158  29:44  Hydralisk  
  158  29:45  Hydralisk x6  
  176  31:07  Spine Crawler  
  175  31:12  Spine Crawler  
  175  31:15  Spore Crawler  
  173  31:25  Spore Crawler  
  173  31:26  Spore Crawler  
  173  31:29  Spine Crawler  
  170  31:32  Spine Crawler  
  170  31:36  Hydralisk x5  
  170  31:37  Hydralisk x7  
  185  32:47  Zerg Missile Weapons Level 3  
  185  33:15  Drone x6  
  185  33:17  Hydralisk x4  
  199  34:32  Spine Crawler  
  199  34:34  Spine Crawler  
  189  37:31  Zergling x2  
  189  37:32  Zergling x20  
  168  42:17  Hydralisk  
  168  42:18  Hydralisk x11  
Show
View Real Time Build Order
Export as new Build Order

Matvei Protoss 

Build Orders:  

Get SALT Encoding   

  12  0:20  Probe (Chrono Boost)  
  12  0:24  Pylon  
  13  0:34  Probe (Chrono Boost)  
  14  0:58  Gateway  
  14  1:13  Assimilator  
  14  1:18  Assimilator  
  14  1:25  Assimilator  
  14  2:15  Probe (Chrono Boost)  
  15  2:29  Probe (Chrono Boost)  
  16  2:43  Probe (Chrono Boost)  
  16  2:47  Zealot  
  19  2:57  Probe (Chrono Boost)  
  20  3:11  Probe (Chrono Boost)  
  20  3:13  Cybernetics Core  
  21  3:21  Pylon  
  21  3:32  Pylon  
  21  3:39  Forge  
  21  3:46  Zealot  
  23  4:21  Dragoon  
  23  4:23  Dragoon  
  27  5:01  Photon Cannon  
  27  5:21  Gateway  
  27  5:37  Protoss Shields Level 1  
  27  6:36  Gateway  
  27  7:05  Photon Cannon  
  27  7:18  Photon Cannon  
  27  7:43  Photon Cannon  
  27  7:48  Protoss Ground Armor Level 1  
  27  7:56  Dragoon  
  29  8:27  Twilight Council  
  29  9:47  Photon Cannon  
  29  9:50  Photon Cannon  
  29  9:58  Protoss Ground Weapons Level 1  
  29  10:02  Photon Cannon  
  29  10:10  Photon Cannon  
  29  10:19  Dragoon  
  31  11:02  Singularity Charge  
  31  12:02  Trillic Compresion Mesh  
  31  12:03  Protoss Ground Armor Level 2  
  31  12:14  Templar Archives  
  31  13:06  Psionic Storm  
  31  13:48  Pylon  
  31  14:06  Khaydarin Amulet  
  31  14:37  High Templar  
  31  14:39  High Templar  
  31  14:40  High Templar  
  31  14:41  High Templar  
  31  14:42  High Templar  
  31  14:45  High Templar  
  31  14:46  High Templar  
  31  14:47  High Templar  
  31  14:49  High Templar  
  45  15:01  Protoss Shields Level 2  
  45  16:20  High Templar  
  47  16:34  Pylon  
  47  16:45  Pylon  
  47  16:49  Pylon  
  47  17:04  Pylon  
  47  17:28  Pylon  
  47  17:34  Pylon  
  47  17:48  High Templar  
  47  17:49  High Templar  
  51  17:51  High Templar  
  51  17:52  High Templar  
  51  17:53  High Templar  
  51  17:54  High Templar  
  51  17:55  High Templar  
  51  17:57  High Templar  
  51  17:58  High Templar  
  65  18:44  Plasma Surge  
  65  18:58  Dragoon  
  65  18:59  Dragoon  
  69  19:00  Dragoon  
  71  20:15  High Templar  
  71  20:17  High Templar x2  
  71  20:18  High Templar  
  71  20:19  High Templar  
  81  20:20  High Templar  
  81  20:21  High Templar  
  85  21:05  High Templar  
  85  21:06  High Templar  
  85  21:07  High Templar  
  91  21:48  Photon Cannon  
  91  21:51  Photon Cannon  
  91  21:58  Photon Cannon  
  91  22:05  Photon Cannon  
  91  22:46  Photon Cannon  
  91  22:56  Photon Cannon  
  91  23:00  Photon Cannon  
  91  23:10  Archon x4  
  91  23:11  Archon x2  
  91  23:30  Archon  
  91  23:31  Archon x4  
  91  23:32  Archon x3  
  89  24:20  Photon Cannon  
  89  24:22  Photon Cannon  
  89  24:30  Photon Cannon  
  89  24:53  Dragoon  
  89  24:54  Dragoon  
  93  26:11  Dragoon  
  95  26:28  Pylon  
  95  26:35  Pylon  
  95  26:40  Pylon  
  95  26:43  Pylon  
  95  26:48  Pylon  
  95  26:51  Pylon  
  95  32:35  Photon Cannon  
  95  32:36  Photon Cannon  
  95  32:46  Photon Cannon  
  95  34:06  Dragoon x2  
  95  34:07  Dragoon  
  95  34:08  Dragoon  
  95  34:09  Dragoon x2  
  107  34:10  Dragoon  
  107  34:11  Dragoon  
  107  34:13  Dragoon  
  113  35:21  Photon Cannon  
  113  35:28  Photon Cannon  
  113  35:37  Photon Cannon  
  113  35:46  Photon Cannon  
  113  36:04  Photon Cannon  
  113  36:16  Dragoon  
  113  36:17  Dragoon  
  113  36:18  Dragoon  
  113  36:19  Dragoon  
  121  36:20  Dragoon  
  121  36:21  Dragoon  
  121  36:22  Dragoon  
  121  36:23  Dragoon  
  121  36:24  Dragoon  
  131  39:56  Protoss Ground Weapons Level 2  
  131  41:23  Photon Cannon  
Tags
 
Matchup
Co-op
Replay Pack
Multiplayer
Add a new tag
Caveats
  • Supply blocks, unpowered buildings, or Contaminate may cause inaccurate times.
  • Supply counts are checked every 10 seconds.